 Dungeon Crawl Stone Soup version 0.27-a0-732-ga892ba84f6 (webtiles) character file.

Game seed: 912722525731560727

303 Drazool the Insei (level 6, -4/41 HPs)
             Began as an Octopode Transmuter on Mar 23, 2021.
             Was an Initiate of the Shining One.
             Killed from afar by Dowan (6 damage)
             ... with a puff of frost
             ... on level 4 of the Dungeon.
             The game lasted 00:07:55 (3781 turns).

Drazool the Insei (Octopode Transmuter)             Turns: 3781, Time: 00:07:56

Health: -4/41      AC:  8    Str: 11    XL:     6   Next: 38%
Magic:  10/10      EV: 13    Int: 16    God:    the Shining One [......]
Gold:   109        SH:  0    Dex: 12    Spells: 8/11 levels left

rFire    . . .     SeeInvis .   d - +2 short sword (protect)
rCold    . . .     Faith    .   (no shield)
rNeg     . . .     Spirit   .   (helmet currently unavailable)
rPois    .         Reflect  .   (no amulet)
rElec    .         Harm     .   (no ring)
rCorr    .         Rampage  .   (no ring)
Will     .....                  (no ring)
Stlth    +.........             (no ring)
HPRegen  0.13/turn              (no ring)
MPRegen  0.12/turn              (no ring)
                                (no ring)
                                (no ring)

@: appendages (expiring), protection aura, glowing
A: tentacle spike 3, almost no armour, amphibious, 8 rings, camouflage 1,
gelatinous body 1, nimble swimmer 1, tentacles
a: End Transformation, Renounce Religion


You were on level 4 of the Dungeon.
You worshipped the Shining One.
The Shining One was noncommittal.
One of your tentacles had grown a beastly spike.
You visited 1 branch of the dungeon, and saw 4 of its levels.

You collected 109 gold pieces.

Inventory:

Hand Weapons
 d - a +2 short sword of protection (weapon)
Wands
 e - a wand of flame (15)
Scrolls
 b - 2 scrolls of identify {unknown}
Potions
 a - a potion of lignification {unknown}
 f - 2 potions of attraction {unknown}
 g - a potion of berserk rage {unknown}
 h - a potion of curing {unknown}
 i - a potion of degeneration {unknown}


   Skills:
 + Level 2.7 Fighting
 + Level 1.5 Short Blades
 + Level 3.2 Dodging
 + Level 3.9 Unarmed Combat
 + Level 3.1 Spellcasting
 + Level 3.2 Transmutations


You had 8 spell levels left.
You knew the following spells:

 Your Spells              Type           Power      Damage    Failure   Level
a - Beastly Appendage     Tmut           24%        N/A       4%          1
b - Wereblood             Tmut           12%        N/A       8%          2

Your spell library contained the following spells:

 Spells                   Type           Power      Damage    Failure   Level
 Spider Form              Tmut/Pois      3%         N/A       28%         3
 Ice Form                 Ice/Tmut       7%         N/A       67%         4
 Blade Hands              Tmut           6%         N/A       80%         5


Dungeon Overview and Level Annotations

Branches:
Dungeon (4/15)
 Temple: D:4-7

Altars:
Nemelex Xobeh
The Shining One

Annotations:
D:4 Dowan, Duvessa


Innate Abilities, Weirdness & Mutations

One of your tentacles has grown a beastly spike.
You cannot wear most types of armour.
You are amphibious.
You can wear up to eight rings at the same time.
Your skin changes colour to match your surroundings (Stealth+).
Your rubbery body absorbs attacks. (AC +1, EV +1)
You are stealthy while swimming. (Stealth+)
You have tentacles for arms and can constrict up to eight enemies at once.


Message History

Duvessa hits you but does no damage. Dowan hits you but does no damage.
You closely miss Dowan. You grab Dowan.
You constrict Duvessa, but do no damage.
You constrict Dowan. Duvessa hits you but does no damage.
Dowan hits you but does no damage.
You hit Dowan.
Dowan is lightly wounded.
You constrict Duvessa. You constrict Dowan. Duvessa barely misses you.
Dowan hits you but does no damage.
You hit Dowan.
Your tentacle-slap misses Dowan.
Dowan is moderately wounded.
You constrict Duvessa. You constrict Dowan.
Duvessa gestures with her weapon.
Duvessa hits you with a +0 short sword!
* * * LOW HITPOINT WARNING * * *
Dowan hits you but does no damage.
You hit Duvessa but do no damage.
You pierce Duvessa.
You squeeze Duvessa, but do no damage.
Duvessa is moderately wounded.
You constrict Duvessa. You constrict Dowan.
Duvessa hits you with a +0 short sword!
* * * LOW HITPOINT WARNING * * *
Dowan closely misses you.
You hit Duvessa.
You pierce Duvessa, but do no damage.
Duvessa is heavily wounded.
You constrict Duvessa. You constrict Dowan.
Duvessa hits you with a +0 short sword.
* * * LOW HITPOINT WARNING * * *
Dowan says, "There's a certain beauty in death, don't you think?"
Dowan closely misses you.
You hit Duvessa but do no damage.
You pierce Duvessa, but do no damage.
Duvessa is heavily wounded.
You constrict Duvessa. You constrict Dowan.
Duvessa hits you but does no damage. Dowan barely misses you.
You hit Duvessa but do no damage. You squeeze Duvessa.
Duvessa is severely wounded.
You constrict Duvessa. You constrict Dowan. Duvessa closely misses you.
Dowan gestures at you while chanting. The puff of frost hits you.
You die...

##### #########.#..#
##.#.###.##.#........
.......<.##......##..
#..##...#..).........
#.#.##...)...#..
...#...###@...# ###
#... #.ee..#
###........#
#....#...>...
###..##....... ##?
..##... .. ... ... ..
##.. .. ... #.#


You could see Duvessa and Dowan.

Vanquished Creatures
  Jessica (D:2)
  Natasha (thrice) (D:2)
  2 orc wizards (D:3)
  Robin (D:3)
  4 adders
  3 worms
  A dart slug (D:1)
  2 orcs
  9 ball pythons
  7 bats
  6 giant cockroaches
  13 goblins
  9 hobgoblins
  12 kobolds
  5 oozes
  3 quokkas
  2 frilled lizards
  9 rats
92 creatures vanquished.

Notes
Turn   | Place    | Note
-------+----------+-------------------------------------------
     0 | D:1      | Drazool the Octopode Transmuter began the quest for the
                  | Orb.
     0 | D:1      | Reached XP level 1. HP: 13/13 MP: 3/3
   159 | D:1      | Reached XP level 2. HP: 10/18 MP: 3/5
   346 | D:1      | Learned a level 2 spell: Wereblood
   808 | D:1      | Reached XP level 3. HP: 23/23 MP: 4/6
  1064 | D:2      | Noticed Natasha
  1072 | D:2      | Killed Natasha
  1323 | D:2      | Reached XP level 4. HP: 29/29 MP: 5/7
  1329 | D:2      | Noticed Natasha
  1342 | D:2      | Killed Natasha
  1536 | D:2      | Noticed Natasha
  1542 | D:2      | Killed Natasha
  1543 | D:2      | Reached XP level 5. HP: 23/34 MP: 6/9
  1731 | D:2      | Noticed Jessica
  1733 | D:2      | Killed Jessica
  1734 | D:2      | Reached skill level 1 in Short Blades
  2305 | D:3      | Noticed Robin
  2318 | D:3      | Killed Robin
  2744 | D:3      | Reached XP level 6. HP: 24/41 MP: 8/10
  3371 | D:3      | Found a sparkling altar of Nemelex Xobeh.
  3526 | D:3      | Found a glowing golden altar of the Shining One.
  3529 | D:3      | Became a worshipper of the Shining One
  3764 | D:4      | Noticed Dowan
  3766 | D:4      | Noticed Duvessa
  3779 | D:4      | HP: 2/41 [Duvessa/+0 short sword (1)]
  3781 | D:4      | Killed from afar by Dowan

Illustrated notes

Levels and vault maps discovered:
D:1:      dpeg_arrival_boxorama, layout_basic, minmay_pentomino_p2
D:2:      layout_basic, uniq_jessica, uniq_natasha
D:3:      layout_basic, tso_oasis_becter, nemelex_altar_shiori, uniq_robin
D:4:      layout_cave_pools, nicolae_qazlal_scattered_showers,
          lemuel_crystal_altar, minmay_temple_entry_enclosed_plants,
          serial_shops, shop, nicolae_shop_temple_entry_statues_fountains, shop,
          nicolae_shop_temple_entry_statues_fountains, shop, kennysheep_nub,
          minmay_misc_feat_tower, uniq_duvessa

Skill      XL: |  1  2  3  4  5 |
---------------+----------------+-----
Fighting       | 2 |  2.7
Short Blades   | 1 |  1.5
Transmutations | 3 |  3.2
Dodging        | 3 |  3.2
Spellcasting   | 3 |  3.1
Unarmed Combat | |  3.9

Action                   |  1- 3 |  4- 6 || total
-------------------------+-------+-------++-------
Melee: Unarmed           |    53 |       ||    53
       Constrict         |    16 |    34 ||    50
       Tentacles         |     9 |    25 ||    34
       Kick              |    11 |    21 ||    32
       Short sword       |     3 |   151 ||   154
       Punch             |       |     7 ||     7
 Cast: Beastly Appendage |    19 |    22 ||    41
  Use: Scroll            |       |     2 ||     2
 Stab: Sleeping          |     3 |     4 ||     7
Armor: Skin              |     5 |    31 ||    36
Dodge: Dodged            |    31 |    87 ||   118

Table legend: (Time is in decaauts)
 A = Elapsed time spent in this place.
 B = Non-inter-level travel time spent in this place.
 C = Inter-level travel time spent in this place.
 D = Time resting spent in this place.
 E = Time spent auto-exploring this place.
 F = Levels seen in this place.
 G = Mean time per level.
                   A        B        C        D        E       F      G
               +--------+--------+--------+--------+--------+-----+--------+
         Total |   3784 |   3700 |     84 |    392 |   2636 |   4 |  946.0 |
       Dungeon |   3784 |   3700 |     84 |    392 |   2636 |   4 |  946.0 |
               +--------+--------+--------+--------+--------+-----+--------+

Top non-repeatable levels by time:
     D:3: 1662 daAuts
     D:1: 1049 daAuts
     D:2: 1045 daAuts
     D:4: 26 daAuts
